 Dungeon Crawl Stone Soup version 0.31-a0-986-g5e6e4ef867 (webtiles) character file.

Game seed: 10882306002373495266

58 Nietzsche the Chopper (level 3, -3/27 HPs)
             Began as a Demonspawn Gladiator on Nov 14, 2023.
             Slain by Terence
             ... wielding a +2 heavy trident
              (14 damage)
             ... on level 2 of the Dungeon.
             The game lasted 00:02:59 (1328 turns).

Nietzsche the Chopper (Demonspawn Gladiator)        Turns: 1328, Time: 00:02:59

Health: -3/27      AC:  4    Str: 14    XL:     3   Next: 76%
Magic:  4/4        EV: 12    Int: 11    God:
Gold:   28         SH:  0    Dex: 14    Spells: 3/3 levels left

rFire   . . .        a - +0 war axe
rCold   . . .        (no shield)
rNeg    . . .        b - +0 leather armour
rPois   .            c - +0 helmet
rElec   .            (no cloak)
rCorr   .            (no gloves)
SInv    .            (no boots)
Will    +....        (no amulet)
Stlth   +            (no ring)
HPRegen 0.24/turn    (no ring)
MPRegen 0.09/turn

%: no passive effects
@: enlightened, flying
A: weakness stinger 2
a: no special abilities


You were on level 2 of the Dungeon.
You visited 1 branch of the dungeon, and saw 2 of its levels.

You collected 28 gold pieces.

Inventory:

Hand Weapons
 a - a +0 war axe (weapon)
Missiles
 d - 3 throwing nets (quivered)
 e - a javelin
Armour
 b - a +0 leather armour (worn)
 c - a +0 helmet (worn)
Scrolls
 g - a scroll of torment {unknown}
 i - a scroll of fog {unknown}
 k - a scroll of identify {unknown}
 l - a scroll of immolation {unknown}
 n - a scroll of butterflies {unknown}
Potions
 f - a potion of berserk rage {unknown}
 h - a potion of attraction {unknown}
 j - a potion of enlightenment
 m - a potion of degeneration {unknown}


   Skills:
 + Level 2.1 Fighting
 + Level 3.4 Axes
 + Level 1.7 Throwing
 + Level 0.6 Armour
 + Level 3.3 Dodging
 * Level 0.6 Spellcasting


You had 3 spell levels left.
You didn't know any spells.
Your spell library contained the following spells:

 Spells                   Type           Power      Damage    Failure   Level
 Magic Dart               Conj           0%         1d3       38%         1
 Call Imp                 Summ           0%         N/A       54%         2
 Poisonous Vapours        Pois/Air       0%         N/A       54%         2
 Scorch                   Fire           0%         2d5       54%         2
 Mephitic Cloud           Conj/Pois/Air  0%         N/A       77%         3
 Flame Wave               Conj/Fire      0%         2d4       99%         4
 Freezing Cloud           Conj/Ice/Air   0%         6-21      100%        5
 Summon Cactus Giant      Summ           0%         N/A       100%        6


Dungeon Overview and Level Annotations

Branches:
Dungeon (2/15)

Altars:

Annotations:
D:2 Terence


Innate Abilities, Weirdness & Mutations

You have a tail ending in a sharp stinger.


Message History

No target in view!
No target in view!
Found a stone staircase leading down.
You see here a book of Vapours.
You pick up a book of Vapours and begin reading...
You add the spells Poisonous Vapours and Freezing Cloud to your library.
Jessica casts a spell at you.
You feel yourself slow down.
You closely miss Jessica. You tail-slap Jessica.
Jessica is lightly wounded.
Jessica closely misses you. Jessica hits you but does no damage.
You closely miss Jessica.
Jessica is lightly wounded.
Jessica hits you with a +0 dagger. x2
You slash Jessica!
You kill Jessica!
Things that are here:
a +0 dagger; a +0 robe
Things that are here:
a +0 dagger; a +0 robe You feel yourself speed up.
Magic restored.
HP restored.
Terence the Incautious comes into view.
He is wielding a +2 heavy trident.
Found a stone staircase leading down.
You see here 10 gold pieces.
Terence misses you.
Terence hits you with a +2 heavy trident!
Ouch! That really hurt!
You are too injured to fight recklessly!
You are too injured to fight recklessly!
You hit Terence but do no damage. Terence closely misses you.
It was a potion of enlightenment.
You feel very buoyant.
You fly up into the air.
You closely miss Terence. Terence barely misses you.
You closely miss Terence.
Terence hits you with a +2 heavy trident!
Ouch! That really hurt!
You die...

#......<..##.######.#
#.#####.####........#
..#.# ##########
##+#+#+#.#.. .
.........### #
.........# # .......#
# #.@.># # #..@.# #
#....###############
#....$..............
#...################
#...# # #...# # #...#
# #...# # #### #


You could see Terence.

Vanquished Creatures
  Jessica (D:2)
  2 ball pythons
  3 bats (D:1)
  2 endoplasms (D:1)
  2 giant cockroaches
  3 goblins (D:1)
  3 hobgoblins (D:1)
  3 jackals (D:1)
  4 quokkas (D:1)
  3 frilled lizards
  A kobold (D:1)
  2 rats (D:1)
29 creatures vanquished.

Notes
Turn   | Place    | Note
-------+----------+-------------------------------------------
     0 | D:1      | Nietzsche the Demonspawn Gladiator began the quest for the
                  | Orb.
     0 | D:1      | Reached XP level 1. HP: 16/16 MP: 1/1
   177 | D:1      | Gained mutation: You have a small tail. [demonic ancestry]
   177 | D:1      | Reached XP level 2. HP: 17/22 MP: 2/2
   847 | D:1      | Gained mutation: You have a tail ending in a sharp stinger.
                  | [demonic ancestry]
   847 | D:1      | Reached XP level 3. HP: 23/27 MP: 3/3
  1251 | D:2      | Noticed Jessica
  1266 | D:2      | Killed Jessica
  1321 | D:2      | Noticed Terence
  1328 | D:2      | Slain by Terence

Illustrated notes

Levels and vault maps discovered:
D:1:      dpeg_arrival_castle, layout_basic, minivault_26
D:2:      layout_basic, uniq_terence, uniq_jessica

Skill      XL: |  1  2 |
---------------+-------+-----
Axes           | 3 |  3.4
Dodging        | 3 |  3.3
Fighting       | |  2.1
Throwing       | |  1.7
Armour         | |  0.6
Spellcasting   | |  0.6

Action                     || total
---------------------------++-------
  Melee: War axe           ||    73
         Tailslap          ||     5
    Use: Potion            ||     1
 Armour: Leather armour    ||    50
  Dodge: Dodged            ||    49

Table legend: (Time is in decaauts)
 A = Elapsed time spent in this place.
 B = Non-inter-level travel time spent in this place.
 C = Inter-level travel time spent in this place.
 D = Time resting spent in this place.
 E = Time spent auto-exploring this place.
 F = Levels seen in this place.
 G = Mean time per level.
                   A        B        C        D        E       F      G
               +--------+--------+--------+--------+--------+-----+--------+
         Total |   1363 |   1337 |     26 |      0 |    971 |   2 |  681.5 |
       Dungeon |   1363 |   1337 |     26 |      0 |    971 |   2 |  681.5 |
               +--------+--------+--------+--------+--------+-----+--------+

Top non-repeatable levels by time:
     D:1: 1117 daAuts
     D:2: 246 daAuts
